Map: Emerald City LE

Players

qqq

  • Race: Zerg Zerg

Massa

  • Race: Terran Terran
  • League: Platinum

Serans - Winner!

  • Race: Protoss Protoss
  • League: Platinum

czosnek - Winner!

  • Race: Terran Terran
  • League: Platinum

VOD

Have the link to the VOD?

Description

Time

  • Played on: April 28, 2021, 3:04 p.m.
  • Length: 14:57
Show
View Real Time Build Order
Export as new Build Order

qqq Zerg 

Build Orders: Hatch First, Lurkers 

Get SALT Encoding   

  12  0:00  Drone  
  13  0:08  Drone  
  14  0:17  Overlord  
  14  0:45  Hatchery  
  13  0:55  Drone x2  
  13  0:56  Drone  
  16  1:11  Drone, Extractor  
  16  1:22  Drone  
  17  1:28  Spawning Pool  
  17  1:30  Drone  
  17  1:42  Drone  
  18  1:51  Drone  
  19  1:58  Drone  
  19  2:01  Drone  
  21  2:09  Drone  
  21  2:12  Drone  
  21  2:14  Queen x2  
  27  2:20  Overlord  
  27  2:31  Metabolic Boost  
  27  2:33  Drone  
  28  2:38  Overlord  
  28  2:40  Drone  
  29  2:44  Drone  
  29  2:46  Drone  
  31  2:52  Zergling x2  
  32  2:58  Zergling x2  
  32  3:02  Zergling x2  
  34  3:08  Zergling x2  
  35  3:17  Evolution Chamber  
  35  3:19  Zergling x4  
  36  3:36  Zergling x2  
  36  3:37  Drone x5, Zergling x2  
  43  3:43  Zerg Melee Weapons Level 1  
  43  3:45  Lair  
  43  3:47  Drone  
  44  3:48  Overlord  
  44  3:59  Hatchery, Overlord  
  43  4:04  Zergling x2  
  43  4:07  Overlord  
  44  4:16  Zergling x4  
  43  4:22  Zergling x6  
  43  4:23  Zergling x2  
  44  4:34  Drone  
  44  4:35  Drone  
  46  4:44  Overseer  
  46  4:51  Zergling x2  
  46  4:52  Zergling x6  
  48  5:05  Zergling x16  
  54  5:22  Zergling x2  
  54  5:23  Zergling x6  
  55  5:30  Zergling x4  
  55  5:31  Drone x3, Zergling x4  
  62  5:39  Drone  
  62  5:40  Queen  
  63  5:49  Drone x2  
  65  5:50  Zergling x2  
  65  5:55  Spire  
  65  5:57  Extractor  
  63  5:58  Spore Crawler  
  62  6:10  Zergling x6  
  51  6:16  Queen  
  52  6:22  Zergling x6  
  52  6:23  Drone x5  
  60  6:29  Drone x4  
  64  6:34  Extractor x2, Zerg Ground Armor Level 1  
  62  6:47  Hydralisk Den  
  62  6:49  Drone x3, Overlord x2  
  62  6:50  Overlord  
  64  6:58  Zergling x2  
  64  6:59  Drone  
  66  7:05  Hatchery  
  57  7:34  Zergling x6  
  57  7:35  Zergling x14  
  62  7:46  Hydralisk x2  
  62  7:47  Hydralisk x2  
  70  7:57  Lurker Den  
  69  8:08  Drone x5  
  69  8:09  Drone  
  75  8:16  Hydralisk x2  
  75  8:17  Hydralisk x2  
  83  8:20  Queen  
  83  8:21  Queen  
  83  8:22  Queen x2  
  91  8:42  Evolution Chamber  
  90  8:56  Drone x5  
  90  8:57  Drone  
  96  9:04  Overseer  
  96  9:05  Hatchery  
  96  9:07  Hydralisk  
  93  9:22  Hydralisk x2  
  95  9:24  Overlord  
  95  9:25  Overlord x11  
  95  9:43  Extractor  
  95  9:44  Extractor  
  93  9:50  Hydralisk x4  
  101  9:58  Lurker  
  101  9:59  Extractor, Lurker x5  
  106  10:02  Extractor  
  106  10:05  Drone x7  
  106  10:06  Drone  
  113  10:07  Infestation Pit  
  113  10:10  Hydralisk  
  114  10:16  Hydralisk x2  
  111  10:25  Spore Crawler  
  93  10:31  Corruptor x2  
  93  10:32  Mutalisk  
  88  10:40  Zergling x2  
  81  11:01  Overseer  
  81  11:02  Hydralisk x3  
  81  11:03  Hydralisk, Zergling x2  
  81  11:04  Hydralisk, Zergling x2  
  83  11:05  Hydralisk x2  
  83  11:10  Drone x2  
  83  11:11  Drone x3  
  93  11:12  Drone  
  93  11:15  Drone x2  
  97  11:34  Drone x7  
  97  11:35  Drone x3  
  97  11:36  Drone  
  108  11:42  Zerg Ground Armor Level 2  
  108  11:45  Lurker  
  108  11:47  Lurker  
  110  11:52  Hive  
  109  11:58  Hydralisk x2  
  109  12:00  Drone  
  114  12:17  Drone  
  114  12:18  Drone x3  
  114  12:19  Drone x3  
  121  12:30  Muscular Augments  
  121  12:33  Drone x3  
  124  12:39  Queen  
  124  12:40  Spore Crawler  
  124  12:42  Hydralisk, Spore Crawler  
  124  12:43  Hydralisk x3, Spore Crawler x3  
  129  12:45  Drone, Zergling x2  
  129  12:49  Queen  
  132  12:55  Drone x5  
  137  13:07  Drone x3  
  137  13:08  Hydralisk x3  
  146  13:15  Ultralisk Cavern  
  142  13:32  Lurker x3  
  139  13:42  Grooved Spines  
  139  13:44  Seismic Spines  
  98  14:26  Mutalisk x7  
  112  14:32  Hydralisk x3  
  112  14:33  Hydralisk x5  
  112  14:36  Zergling x4  
  112  14:37  Zergling x4  
Show
View Real Time Build Order
Export as new Build Order

Massa Terran 

Build Orders:  

Get SALT Encoding   

  12  0:00  SCV  
  13  0:13  SCV  
  14  0:22  Supply Depot  
  14  0:25  SCV  
  15  0:31  Refinery  
  15  0:44  SCV  
  15  0:47  Barracks  
  16  0:56  SCV  
  17  1:08  SCV  
  18  1:20  SCV  
  18  1:22  Barracks  
  20  1:32  SCV  
  20  1:39  Reaper  
  21  1:54  Orbital Command  
  21  1:58  Supply Depot  
  21  2:09  Reaper  
  21  2:11  Reaper  
  23  2:22  Command Center  
  23  2:26  SCV  
  24  2:43  Barracks Tech Lab  
  24  2:44  Barracks Reactor  
  23  2:59  SCV  
  23  3:04  Marauder  
  26  3:11  SCV, Stimpack  
  25  3:22  Command Center  
  25  3:23  Refinery, SCV, Marine x2  
  28  3:38  Orbital Command  
  28  3:39  SCV  
  29  3:41  Marine x2  
  29  3:43  Marine  
  32  3:52  SCV  
  33  3:56  Engineering Bay  
  33  4:03  Factory  
  33  4:04  SCV  
  34  4:10  Marine x2  
  34  4:12  Marine  
  34  4:15  SCV  
  34  4:16  SCV  
  39  4:26  Orbital Command  
  39  4:28  Marine  
  40  4:32  Marine  
  39  4:59  SCV x2  
  41  5:00  SCV  
  41  5:05  Hellion  
  41  5:06  Missile Turret  
  43  5:11  SCV  
  43  5:12  SCV x2  
  43  5:13  Combat Shield  
  46  5:27  Widow Mine  
  48  5:30  Marine x2  
  48  5:31  Marine  
  51  5:48  Marine  
  52  5:50  SCV x3  
  55  5:58  Factory Tech Lab  
  55  5:59  Starport  
  55  6:02  SCV x2  
  55  6:03  SCV  
  46  6:18  Marauder, Marine x2  
  46  6:19  Siege Tank  
  46  6:21  SCV  
  46  6:22  SCV x2  
  46  6:24  Refinery  
  54  6:28  Refinery  
  54  6:33  SCV  
  54  6:34  SCV x2  
  54  6:35  Barracks  
  54  6:36  Barracks, Marine  
  60  6:40  Marauder, Terran Infantry Weapons Level 1  
  60  6:43  Command Center, Missile Turret  
  60  6:45  SCV  
  61  6:53  Barracks  
  61  6:54  Starport Tech Lab, Supply Depot x2  
  61  6:55  Supply Depot  
  61  6:58  Concussive Shells  
  61  7:06  Missile Turret  
  61  7:15  SCV x2, Marine x2  
  61  7:16  Widow Mine, SCV, Marauder  
  70  7:28  SCV  
  71  7:33  Marine x2  
  69  7:37  Marauder  
  69  7:43  Raven  
  68  7:45  SCV  
  68  7:46  SCV x2  
  69  7:57  SCV  
  69  7:58  SCV x2, Marauder  
  72  8:05  Barracks Tech Lab, Siege Tank  
  77  8:07  Barracks Reactor, Barracks Tech Lab  
  77  8:09  SCV, Marine x2  
  77  8:10  SCV x2  
  84  8:20  Marauder  
  84  8:25  Armory  
  84  8:27  Marine  
  84  8:28  Engineering Bay  
  85  8:34  Terran Infantry Armor Level 1  
  85  8:37  Siege Tank  
  90  8:41  Marauder  
  90  8:50  Marauder x2, Marine  
  90  8:51  Marine x3  
  90  8:54  SCV  
  90  8:55  SCV  
  100  9:09  Ghost Academy  
  100  9:13  SCV x2  
  100  9:25  Planetary Fortress  
  100  9:36  Supply Depot  
  100  9:37  Supply Depot  
  100  9:40  Supply Depot  
  100  9:57  SCV x3, Siege Tank  
  100  9:58  Marauder, Marine x4  
  100  9:59  Marauder x2  
  116  10:09  SCV x3  
  116  10:16  Marine  
  116  10:19  Marauder  
  116  10:20  Marauder x2, Marine  
  124  10:27  Marine x2  
  118  10:28  Terran Infantry Weapons Level 2  
  118  10:29  Enhanced Shockwaves  
  118  10:30  Supply Depot x2  
  118  10:32  Supply Depot  
  118  10:35  Siege Tank  
  96  10:36  Raven  
  96  10:40  Marauder  
  96  10:41  Marauder  
  96  10:42  Marauder  
  95  10:44  Corvid Reactor  
  95  10:46  Smart Servos  
  95  10:54  Supply Depot x2  
  95  10:56  Supply Depot  
  95  11:00  Refinery  
  95  11:02  Refinery, Marauder  
  95  11:03  Marauder x2  
  101  11:07  Siege Tank  
  104  11:20  Supply Depot  
  104  11:26  Raven  
  104  11:32  Starport  
  106  11:34  Factory  
  106  11:35  Terran Vehicle And Ship Armor Level 1  
  106  11:54  Missile Turret  
  106  11:56  Planetary Fortress  
  112  12:08  Marauder x3  
  112  12:09  Raven  
  112  12:13  Starport Reactor  
  114  12:18  Factory Tech Lab  
  114  12:25  Missile Turret  
  114  12:29  Ghost  
  118  12:30  Marauder  
  118  12:35  Missile Turret  
  118  12:46  Sensor Tower  
  118  12:47  Missile Turret  
  118  12:51  Raven  
  120  13:01  Ghost x3  
  120  13:02  Marine  
  120  13:03  Marine x3  
  120  13:04  Siege Tank  
  133  13:09  Refinery  
  133  13:10  Refinery, SCV  
  133  13:11  SCV  
  135  13:14  Command Center  
  135  13:20  Marine  
  135  13:21  Marine  
  135  13:22  Medivac  
  135  13:38  Marauder x2  
  135  13:39  Marauder, Marine x3  
  98  13:51  Marine  
  99  13:57  Marine x3  
  99  14:00  Marauder x3  
  108  14:09  Marine  
  90  14:10  Siege Tank x2  
  90  14:14  Marine  
  90  14:15  Marine x2  
  97  14:21  Marauder x3  
  97  14:25  Viking x2  
  97  14:27  Marine  
  99  14:32  Marine x3  
Show
View Real Time Build Order
Export as new Build Order

Serans Protoss - Winner!

Build Orders:  

Get SALT Encoding   

  12  0:00  Probe (Chrono Boost)  
  13  0:09  Probe (Chrono Boost)  
  14  0:17  Pylon  
  14  0:21  Probe  
  15  0:35  Probe  
  16  0:39  Gateway  
  16  0:46  Assimilator  
  16  0:49  Probe  
  17  1:01  Probe  
  18  1:09  Gateway  
  18  1:13  Probe  
  19  1:25  Probe (Chrono Boost), Assimilator  
  19  1:32  Cybernetics Core  
  20  1:38  Probe (Chrono Boost)  
  21  1:49  Probe (Chrono Boost)  
  21  1:50  Pylon  
  22  1:59  Probe  
  23  2:06  Warp Gate (Chrono Boost)  
  23  2:09  Adept x2  
  23  2:11  Probe  
  27  2:23  Probe  
  28  2:35  Probe  
  29  2:42  Nexus  
  29  2:49  Pylon  
  29  2:58  Twilight Council  
  29  3:12  Probe  
  30  3:15  Adept x2  
  34  3:30  Probe  
  33  3:42  Probe  
  33  3:44  Resonating Glaives, Pylon  
  34  3:53  Stalker  
  34  3:54  Probe  
  37  3:59  Adept  
  39  4:17  Adept  
  39  4:18  Probe  
  39  4:20  Probe, Gateway  
  39  4:22  Shield Battery  
  41  4:27  Adept  
  43  4:35  Probe  
  43  4:37  Probe  
  45  4:47  Adept x2  
  45  4:51  Probe (Chrono Boost), Assimilator  
  45  4:52  Probe (Chrono Boost)  
  51  4:55  Assimilator  
  52  5:00  Probe (Chrono Boost)  
  52  5:03  Probe (Chrono Boost)  
  52  5:06  Probe (Chrono Boost)  
  53  5:12  Probe  
  53  5:13  Adept x2  
  59  5:18  Probe  
  60  5:24  Probe  
  49  5:34  Probe  
  50  5:41  Probe  
  47  5:47  Adept x3  
  47  5:49  Probe  
  50  5:59  Gateway  
  50  6:03  Gateway  
  50  6:05  Gateway  
  50  6:09  Adept x2  
  50  6:10  Adept  
  56  6:22  Probe  
  56  6:23  Gateway  
  57  6:25  Robotics Facility  
  57  6:28  Robotics Facility  
  57  6:29  Charge  
  57  6:37  Templar Archives  
  57  6:38  Probe  
  58  6:44  Adept x2  
  62  6:48  Pylon  
  62  6:50  Nexus  
  62  6:56  Pylon  
  62  7:01  Forge  
  62  7:06  Probe x2  
  64  7:13  Stalker x2  
  68  7:18  Probe x2  
  70  7:30  Probe  
  70  7:33  Probe  
  66  7:43  Probe  
  61  7:50  Stalker x6  
  61  7:51  Immortal (Chrono Boost)  
  71  7:58  Pylon  
  75  7:59  Pylon  
  75  8:02  Psionic Storm, Immortal (Chrono Boost)  
  75  8:04  Robotics Bay  
  79  8:08  Pylon  
  79  8:12  Pylon  
  79  8:21  High Templar x2  
  79  8:22  High Templar x2  
  79  8:25  Archon x2  
  87  8:30  Probe  
  87  8:33  Probe x2  
  90  8:38  Photon Cannon  
  90  8:41  Photon Cannon  
  90  8:42  Probe  
  90  8:45  Probe  
  90  8:46  Probe, Stalker x3  
  99  8:52  Assimilator  
  99  8:55  Assimilator, Adept  
  101  8:56  Adept  
  103  9:07  Probe  
  96  9:20  Colossus x2 (Chrono Boost)  
  90  9:28  Protoss Ground Armor Level 1 (Chrono Boost)  
  90  9:33  Zealot x5  
  90  9:34  Probe  
  101  9:47  High Templar  
  101  9:48  Zealot  
  105  9:58  Probe (Chrono Boost)  
  108  10:03  Probe (Chrono Boost)  
  108  10:04  Probe (Chrono Boost)  
  105  10:11  Probe (Chrono Boost), Zealot x3  
  106  10:17  Zealot x3  
  90  10:37  Zealot x4  
  90  10:38  Zealot x3  
  90  10:40  Probe  
  101  10:43  Colossus x2  
  101  10:45  Gateway  
  101  10:46  Gateway  
  101  10:48  Gateway  
  113  11:01  Nexus  
  113  11:02  Pylon  
  113  11:05  Stalker x3  
  113  11:06  Stalker  
  113  11:07  Probe  
  118  11:20  Dark Shrine  
  118  11:22  Probe  
  119  11:27  Probe, Photon Cannon  
  119  11:29  Pylon  
  120  11:32  Photon Cannon  
  120  11:35  Assimilator  
  120  11:36  High Templar x2  
  120  11:37  High Templar x4  
  120  11:39  Assimilator  
  130  11:47  Stargate  
  130  11:50  Pylon  
  130  11:52  Pylon  
  130  11:53  Pylon  
  130  11:54  Photon Cannon  
  130  12:00  Photon Cannon  
  130  12:04  Archon  
  130  12:10  Stalker x2  
  130  12:11  High Templar x2  
  130  12:15  Archon  
  138  12:20  Probe  
  139  12:23  Probe  
  139  12:29  Pylon  
  140  12:30  Phoenix (Chrono Boost)  
  140  12:32  Pylon  
  140  12:35  Probe  
  143  12:37  Stargate  
  143  12:40  Protoss Ground Weapons Level 1 (Chrono Boost)  
  143  12:46  Phoenix  
  145  12:57  Dark Templar, Protoss Air Weapons Level 1 (Chrono Boost)  
  147  13:01  Dark Templar  
  149  13:11  Phoenix  
  151  13:12  Dark Templar x2  
  151  13:18  Zealot x6  
  151  13:19  Nexus  
  145  13:51  Zealot x6  
  145  13:52  Zealot x4  
  164  13:55  Observer  
  164  13:56  Observer  
  159  14:12  Phoenix  
  159  14:13  Phoenix  
  157  14:30  Stalker x6  
  157  14:31  Dark Templar x2, Stalker x2  
  173  14:38  Probe x2  
Show
View Real Time Build Order
Export as new Build Order

czosnek Terran - Winner!

Build Orders:  

Get SALT Encoding   

  12  0:00  SCV  
  13  0:12  SCV  
  14  0:18  Supply Depot  
  14  0:24  SCV  
  15  0:28  Refinery  
  15  0:41  Barracks  
  15  0:45  SCV  
  16  0:52  Refinery  
  16  0:57  SCV  
  17  1:11  SCV  
  18  1:30  Reaper  
  19  1:34  Orbital Command  
  19  1:36  Ghost Academy  
  19  2:02  Supply Depot  
  19  2:08  Barracks Tech Lab  
  19  2:13  SCV  
  20  2:18  Personal Cloaking  
  20  2:26  Factory  
  20  2:36  SCV  
  21  2:48  SCV  
  21  2:50  Ghost  
  24  3:06  SCV  
  24  3:10  Command Center  
  25  3:19  Factory Tech Lab  
  25  3:31  SCV  
  26  3:35  Marine  
  26  3:40  Starport  
  27  3:42  Supply Depot  
  27  3:44  Nuke  
  27  3:46  Cyclone  
  30  3:59  Marine  
  31  4:04  SCV  
  31  4:07  Supply Depot  
  32  4:19  SCV  
  32  4:20  Marine  
  32  4:21  Siege Tank  
  32  4:23  Medivac  
  39  4:40  SCV  
  40  4:56  Marine  
  40  4:57  Starport Tech Lab  
  40  4:58  Siege Tank  
  40  4:59  SCV  
  43  5:00  Orbital Command  
  43  5:11  SCV  
  43  5:13  Marine  
  45  5:15  Supply Depot  
  45  5:20  Stimpack  
  45  5:24  Refinery, SCV  
  45  5:25  Refinery  
  45  5:27  SCV  
  47  5:34  Barracks  
  47  5:39  SCV  
  47  5:41  Marine  
  49  5:44  Raven  
  51  5:50  SCV  
  51  5:54  SCV  
  48  6:11  Marine  
  48  6:13  Siege Tank  
  52  6:22  SCV x2  
  54  6:29  Marine  
  54  6:31  Barracks Reactor  
  55  6:37  SCV x2  
  55  6:38  Barracks  
  55  6:39  Starport Reactor  
  57  6:42  Command Center  
  57  6:45  Nuke  
  57  6:47  Ghost  
  57  6:51  SCV x2  
  57  6:53  Supply Depot  
  61  6:59  Engineering Bay  
  61  7:01  Engineering Bay  
  61  7:04  Combat Shield  
  61  7:06  Supply Depot x2  
  61  7:09  Marine  
  61  7:10  Marine  
  61  7:11  SCV x2  
  65  7:20  Medivac x2  
  69  7:24  SCV x2  
  71  7:34  Marine  
  71  7:35  Marine  
  71  7:36  Siege Tank  
  76  7:49  Marauder  
  78  7:52  SCV x2, Marine  
  78  7:56  Orbital Command  
  78  7:57  Marine, Supply Depot  
  82  8:00  Viking  
  82  8:03  Terran Infantry Weapons Level 1  
  82  8:04  Terran Infantry Armor Level 1  
  84  8:10  Marine  
  85  8:18  SCV x2, Marine, Orbital Command  
  85  8:19  Marauder  
  90  8:28  Marine  
  90  8:30  SCV  
  90  8:31  Sensor Tower  
  73  8:34  Medivac x2  
  92  8:35  Siege Tank  
  92  8:36  Marine  
  92  8:40  Barracks, Marine  
  101  8:55  SCV x3  
  103  8:56  Marine  
  103  8:58  Marauder  
  103  9:00  Concussive Shells  
  103  9:01  Refinery  
  107  9:03  Armory  
  107  9:08  Refinery  
  107  9:13  Marine  
  107  9:14  Marauder, Marine  
  107  9:16  Nuke  
  111  9:19  Marauder  
  111  9:20  Siege Tank  
  116  9:28  Supply Depot  
  116  9:30  Marine  
  117  9:49  SCV x2, Marine, Medivac  
  117  9:50  Marauder  
  124  9:53  Supply Depot  
  124  9:54  Supply Depot, Terran Vehicle Weapons Level 1  
  124  9:56  Barracks Reactor  
  124  10:01  Barracks  
  124  10:04  Barracks  
  124  10:05  Marine  
  125  10:07  Nuke  
  125  10:11  Marine  
  124  10:15  Marauder, Siege Tank  
  121  10:33  Marine x4  
  121  10:34  Marauder  
  121  10:35  Liberator x2  
  133  10:36  Marine  
  133  10:42  SCV x2  
  136  10:44  Refinery  
  136  10:54  Marauder  
  138  10:59  Marine  
  138  11:00  Marine x2  
  141  11:22  Supply Depot x2  
  141  11:24  Supply Depot  
  141  11:32  SCV x2  
  141  11:43  SCV, Marine x3, Missile Turret, Medivac  
  141  11:44  Marauder x2, Medivac, Siege Tank  
  156  11:47  Terran Infantry Weapons Level 2, Missile Turret  
  156  11:48  Missile Turret, Supply Depot  
  156  11:49  Missile Turret  
  156  11:56  SCV x3  
  159  12:01  Factory  
  159  12:05  Marauder  
  161  12:09  SCV x3, Marine  
  161  12:10  Marauder, Marine  
  165  12:22  Marine  
  166  12:25  Command Center  
  166  12:26  SCV x3, Marauder  
  171  12:53  Marauder  
  171  12:54  Factory Tech Lab  
  173  13:01  Supply Depot  
  173  13:05  Sensor Tower, Missile Turret  
  173  13:06  Supply Depot  
  173  13:07  Supply Depot  
  173  13:23  Marauder, Marine x2, Siege Tank  
  180  13:27  Liberator x2  
  180  13:28  Marauder  
  188  13:34  Marine  
  188  13:35  Marine  
  190  13:44  Marine x2, Thor  
  190  13:45  Marauder  
Tags
 
Add a new tag
Caveats
  • Supply blocks, unpowered buildings, or Contaminate may cause inaccurate times.
  • Supply counts are checked every 10 seconds.